 Dungeon Crawl Stone Soup version 0.27.1-2-g3b301248ec (webtiles) character file.

Game seed: 17865990557715179628

228 Urokeeper the Cudgeller (level 5, -2/47 HPs)
             Began as a Minotaur Berserker on Sept 29, 2021.
             Was a Believer of Trog.
             Slain by Natasha (7 damage)
             ... on level 2 of the Dungeon.
             The game lasted 00:06:26 (1704 turns).

Urokeeper the Cudgeller (Minotaur Berserker)        Turns: 1704, Time: 00:06:26

Health: -2/47      AC:  9    Str: 22    XL:     5   Next: 71%
Magic:  4/4        EV: 11    Int:  4    God:    Trog [**....]
Gold:   60         SH:  0    Dex: 10    Spells: 4/4 levels left

rFire    . . .     SeeInvis .   a - +0 mace
rCold    . . .     Faith    .   (no shield)
rNeg     . . .     Spirit   .   f - +0 ring mail
rPois    .         Reflect  .   (helmet restricted)
rElec    .         Harm     .   (no cloak)
rCorr    .         Rampage  .   d - +2 pair of gloves
Will     ++...                  (no boots)
Stlth    ..........             (no amulet)
HPRegen  1.15/turn              (no ring)
MPRegen  0.09/turn              (no ring)

@: strong-willed, on berserk cooldown, regenerating, slowed, very slow
A: horns 2, retaliatory headbutt
a: Renounce Religion, Berserk, Trog's Hand


You were on level 2 of the Dungeon.
You worshipped Trog.
Trog was pleased with you.
You visited 1 branch of the dungeon, and saw 3 of its levels.

You collected 60 gold pieces.

Inventory:

Hand Weapons
 a - a +0 mace (weapon)
Armour
 b - a +0 animal skin
 d - a +2 pair of gloves (worn)
 f - a +0 ring mail (worn)
Wands
 o - a wand of iceblast (7)
Scrolls
 h - a scroll of blinking {unknown}
 k - a scroll of identify {unknown}
 m - a scroll of amnesia {unknown}
 n - a scroll of noise {unknown}
Potions
 c - a potion of heal wounds {unknown}
 e - a potion of brilliance {unknown}
 g - a potion of flight {unknown}
 i - a potion of mutation {unknown}
 j - a potion of attraction {unknown}
 l - a potion of magic {unknown}


   Skills:
 + Level 4.8 Fighting
 + Level 6.0 Maces & Flails
 + Level 3.7 Armour
 + Level 3.0 Dodging
 + Level 0.1 Stealth


You had 4 spell levels left.
You didn't know any spells.
Your spell library was empty.

Dungeon Overview and Level Annotations

Branches:
Dungeon (3/15)

Altars:

Shops:
D:2 (

Annotations:
D:2 Natasha


Innate Abilities, Weirdness & Mutations

You have a pair of horns on your head.
You reflexively headbutt those who attack you in melee.


Message History

You closely miss Sigmund.
Sigmund hits you with a +2 scythe of flaming.
Sigmund burns you.
Natasha mumbles some strange words.
You closely miss Sigmund. You headbutt Sigmund!
Sigmund is heavily wounded.
Sigmund hits you with a +2 scythe of flaming!
* * * LOW HITPOINT WARNING * * *
Sigmund burns you.
* * * LOW HITPOINT WARNING * * *
You hit Sigmund. You headbutt Sigmund!
Sigmund is almost dead.
Natasha casts a spell.
You thump Sigmund!
You kill Sigmund!
Trog accepts your kill.
Trog appreciates your killing of a magic user.
Your Maces & Flails skill increases to level 6!
Your Armour skill increases to level 3!
Your Dodging skill increases to level 3!
You have reached level 5!
You completely miss the hobgoblin. You headbutt the hobgoblin.
You kill the hobgoblin!
Trog accepts your kill.
You are too injured to fight recklessly!
You are no longer berserk.
You are exhausted.
You feel yourself slow down. Natasha claws you.
* * * LOW HITPOINT WARNING * * *
Natasha howls an incantation.
You feel troubled.
Natasha mumbles some strange words.
You thump Natasha!
Natasha is heavily wounded.
Natasha claws you but does no damage. Natasha claws you.
* * * LOW HITPOINT WARNING * * *
Your skin crawls.
You feel strong-willed. Natasha claws you!
You die...

..............................#
...................###........#
..............#..<.# #........#
#.#.........<####### #........#
..##......#### #........#
..........###### ##########
.....<##.......##
....####....##..## (.###
##...###.@## .## ##..####h5# .#
##..# ##5# ##### ###..####5).5#
....#####.......####....#
###...†.........# ##..
#######.......... #.......##.
#.......#


You could see Natasha, 2 crimson imps and a white imp (summoned).

Vanquished Creatures
  Sigmund (D:2)
  Jessica (D:1)
  2 dart slugs
  A ball python (D:1)
  4 endoplasms
  A giant cockroach (D:2)
  2 goblins (D:1)
  3 hobgoblins
  6 jackals (D:3)
  3 bats (D:1)
  2 frilled lizards (D:1)
  6 kobolds
  6 rats
38 creatures vanquished.

Vanquished Creatures (others)
  5 plants (D:1)
5 creatures vanquished.

Grand Total: 43 creatures vanquished

Notes
Turn   | Place    | Note
-------+----------+-------------------------------------------
     0 | D:1      | Urokeeper the Minotaur Berserker began the quest for the
                  | Orb.
     0 | D:1      | Reached XP level 1. HP: 19/19 MP: 0/0
   280 | D:1      | Reached XP level 2. HP: 27/27 MP: 1/1
   280 | D:1      | Found a faded altar of an unknown god.
   548 | D:1      | Reached skill level 4 in Maces & Flails
   977 | D:2      | Noticed Jessica
   986 | D:1      | Killed Jessica
   987 | D:1      | Reached XP level 3. HP: 7/34 MP: 2/2
  1287 | D:2      | Reached ** piety under Trog
  1316 | D:2      | Found Mikechal's Weapon Shop.
  1563 | D:2      | You fall into a shaft and drop 1 floor!
  1574 | D:3      | Reached skill level 5 in Maces & Flails
  1604 | D:3      | Reached XP level 4. HP: 40/41 MP: 3/3
  1683 | D:2      | Noticed Natasha
  1683 | D:2      | Noticed Sigmund
  1697 | D:2      | Killed Sigmund
  1698 | D:2      | Reached skill level 6 in Maces & Flails
  1698 | D:2      | Reached XP level 5. HP: 14/47 MP: 4/4
  1704 | D:2      | Slain by Natasha

Illustrated notes

Levels and vault maps discovered:
D:1:      tarquinn_simple_flora_water_c, layout_basic,
          shapermc_ecumenical_altar_rom_forum, chequers_big_river
D:2:      layout_rooms, serial_shops, shop, uniq_jessica, uniq_natasha,
          uniq_sigmund
D:3:      layout_basic, chequers_temple_overflow_minitemple

Skill      XL: |  1  2  3  4 |
---------------+-------------+-----
Fighting       | 4 |  4.8
Maces & Flails | 4 5 6 |  6.0
Armour         | 3 |  3.7
Dodging        | 3 |  3.0
Stealth        | |  0.1

Action                   |  1- 3 |  4- 6 || total
-------------------------+-------+-------++-------
Melee: Mace              |    51 |     7 ||    58
       Headbutt          |     5 |     3 ||     8
Invok: Berserk           |     1 |     1 ||     2
       Trog's Hand       |       |     1 ||     1
Armor: Animal skin       |     2 |       ||     2
       Ring mail         |    18 |     1 ||    19
Dodge: Dodged            |    36 |     2 ||    38
